 Dungeon Crawl Stone Soup version 0.17-a0-1880-gacf7e67 (webtiles) character file.

1181 achirane the Blocker (level 8, -5/58 HPs)
             Began as a Formicid Fighter on Sept 21, 2015.
             Slain by DizzySkin's ghost (15 damage)
             ... on level 6 of the Dungeon.
             The game lasted 00:25:12 (6162 turns).

achirane the Blocker (Formicid Fighter)             Turns: 6162, Time: 00:25:12

Health: -5/58      AC:  8    Str: 30    XL:     8   Next: 70%
Magic:  8/8        EV: 10    Int:  9    God:
Gold:   184        SH: 12    Dex: 10    Spells: 0 memorised, 7 levels left

rFire  . . .     SeeInvis +     a - +0 long sword
rCold  . . .     Clarity  .     b - +0 scale mail
rNeg   . . .     SustAt   .     c - +0 shield
rPois  .         Gourm    .     (helmet unavailable)
rElec  .         Spirit   .     K - +0 cloak
rCorr  .         Warding  .     (no gloves)
rMut   .         Stasis   +     (no boots)
MR     .....                    (no amulet)
Stlth  ..........               J - ring of teleportation (curse) {+/*tele, !d}
                                E - +3 ring of strength

@: mighty, not resistant to hostile enchantments, extremely unstealthy
A: permanent stasis, dig shafts and tunnels, four strong arms, antennae 3
a: Dig, Shaft Self, Evoke Teleportation


You were on level 6 of the Dungeon.
You were not hungry.

You visited 1 branch of the dungeon, and saw 6 of its levels.

You collected 184 gold pieces.

Inventory:

Hand weapons
 a - a +0 long sword (weapon)
 i - a +1 dagger of holy wrath
   (You took it off a goblin on level 1 of the Dungeon)
 z - a +0 hunting sling
   (You took it off a kobold on level 1 of the Dungeon)
 H - the cursed +0 hand axe "Dragonbane" {vamp, Str+8, unknown}
   (You took it off Robin on level 4 of the Dungeon)

   It inflicts no extra harm, but heals its wielder somewhat when it strikes a
   living foe.
   It affects your strength (+8).
   It has a curse placed upon it.
 I - a +1 mace of protection
   (You found it on level 4 of the Dungeon)
Missiles
 m - 3 needles of sleeping
 n - 12 sling bullets of frost
 u - 4 sling bullets of flame
 v - 176 stones (quivered)
 w - 98 bolts
 A - 13 poisoned needles
 B - 10 bolts of flame
Armour
 b - a +0 scale mail (worn)
 c - a +0 shield (worn)
 K - a +0 cloak (worn)
   (You found it on level 6 of the Dungeon)
Jewellery
 E - a +3 ring of strength (left hand)
   (You found it on level 3 of the Dungeon)
 J - a cursed ring of teleportation (right hand) {+/*tele, !d}
   (You found it on level 5 of the Dungeon)
Magical devices
 G - a wand of flame (21)
   (You took it off Robin on level 4 of the Dungeon)
 L - a wand of lightning (0)
   (You found it on level 6 of the Dungeon)
Scrolls
 f - a scroll of remove curse
 j - a scroll of fear {unknown}
 q - 2 scrolls of teleportation {unknown}
 r - a scroll of magic mapping {unknown}
 s - 2 scrolls of random uselessness {unknown}
 x - 3 scrolls of blinking {unknown}
 y - a scroll of immolation {unknown}
 D - 6 scrolls of identify {unknown}
 F - a scroll of recharging {unknown}
Potions
 g - 2 potions of degeneration {unknown}
 k - 3 potions of poison {unknown}
 l - 4 potions of curing {unknown}
 p - a potion of resistance {unknown}
 t - a potion of heal wounds {unknown}
 M - a potion of magic {unknown}
 N - a potion of mutation {unknown}
Books
 C - a book of Air
   (You found it on level 3 of the Dungeon)
Comestibles
 e - 9 bread rations {@e1}
 h - 2 beef jerkies
 o - 2 slices of pizza
 O - 3 chunks of flesh {@w0}


   Skills:
 - Level 3.2 Fighting
 + Level 7.3 Long Blades
 - Level 3.2 Armour
 + Level 8.9 Shields


You had 7 spell levels left.
You didn't know any spells.

Dungeon Overview and Level Annotations

Branches:
Dungeon (6/15)
 Temple: D:4-7

Altars:
Ashenzari
Elyvilon
Gozag
Sif Muna
Trog
Vehumet
Xom
Zin

Shops:
D:6 *

Annotations:
D:4 exclusion: statue, Grinder
D:6 DizzySkin's ghost, experienced DsAK


Innate Abilities, Weirdness & Mutations

You are under a permanent stasis effect.
You can dig through walls and to a lower floor.
Your four strong arms can wield two-handed weapons with a shield.
You have a pair of large antennae on your head (SInv).


Message History

a giant spiked club; an ogre corpse You butcher the ogre corpse.
O - 4 chunks of flesh {@w0}
Things that are here:
a giant spiked club; an ogre skeleton Eating one of 4 chunks of flesh {@w0}.
This raw flesh tastes terrible.
You continue eating. x2
n - 11 sling bullets of frost (gained 1)
n - 12 sling bullets of frost (gained 1)
Things that are here:
a giant spiked club; an ogre skeleton
There is a stone staircase leading up here.
You now have 184 gold pieces (gained 14).
D - 6 scrolls labeled DEH WANAURAFE (gained 1)
Found a dagger.
Found a shimmering altar of Xom.
Marking area around Blork the orc as unsafe for travelling.
Blork the orc comes into view.
He is wielding a hand axe.
Blork the orc shouts!
Press: ? - help, v - describe, . - travel
Here: Blork the orc, wielding a hand axe and wearing a runed robe The floor.
Unknown command.
Unknown command.
Unknown command.
Drink which item? (? for menu, Esc to quit)
You feel very mighty all of a sudden.
You hit Blork the orc.
Blork the orc is lightly wounded.
You block Blork the orc's attack.
You barely miss Blork the orc.
Blork the orc is lightly wounded.
You block Blork the orc's attack.
You closely miss Blork the orc.
Blork the orc is lightly wounded.
You block Blork the orc's attack.
You barely miss Blork the orc.
Blork the orc is lightly wounded.
Blork the orc barely misses you.
You slice Blork the orc!!
Blork the orc is severely wounded.
You block Blork the orc's attack.
DizzySkin's ghost (experienced Demonspawn Abyssal Knight) comes into view.
It is wielding a weapon of chaos.
You slash Blork the orc!
You kill Blork the orc!
Throwing (i - inventory):
v - 177 stones (quivered)
Press: ? - help, Shift-Dir - straight line, f - DizzySkin's ghost
Aim: DizzySkin's ghost, wielding a weapon of chaos You throw a stone.
The stone closely misses DizzySkin's ghost.
Your scale mail prevents you from hitting DizzySkin's ghost.
You block DizzySkin's ghost's attack.
You barely miss DizzySkin's ghost. DizzySkin's ghost hits you.
DizzySkin's ghost freezes you.
You take 3 damage, and have 55/58 hp.
You hit DizzySkin's ghost.
DizzySkin's ghost is lightly damaged.
DizzySkin's ghost barely misses you.
You barely miss DizzySkin's ghost.
DizzySkin's ghost is lightly damaged.
DizzySkin's ghost hits you but does no damage.
You closely miss DizzySkin's ghost.
DizzySkin's ghost is lightly damaged.
DizzySkin's ghost hits you!
You take 9 damage, and have 46/58 hp.
You barely miss DizzySkin's ghost.
DizzySkin's ghost is lightly damaged.
DizzySkin's ghost hits you but does no damage.
You slash DizzySkin's ghost!
DizzySkin's ghost is moderately damaged.
You block DizzySkin's ghost's attack.
You hit DizzySkin's ghost.
DizzySkin's ghost is heavily damaged.
DizzySkin's ghost hits you but does no damage.
Your scale mail prevents you from hitting DizzySkin's ghost.
DizzySkin's ghost is moderately damaged.
DizzySkin's ghost closely misses you. You block DizzySkin's ghost's attack.
You hit DizzySkin's ghost.
DizzySkin's ghost is heavily damaged.
DizzySkin's ghost hits you!
You take 11 damage, and have 36/58 hp.
You slash DizzySkin's ghost!
DizzySkin's ghost is severely damaged.
DizzySkin's ghost hits you! DizzySkin's ghost burns you.
You take 11 damage, and have 25/58 hp.
You completely miss DizzySkin's ghost.
DizzySkin's ghost is severely damaged.
DizzySkin's ghost screams, "I'll kill anyone who wants the ORB!"
DizzySkin's ghost hits you!
* * * LOW HITPOINT WARNING * * *
DizzySkin's ghost freezes you.
* * * LOW HITPOINT WARNING * * *
You take 12 damage, and have 13/58 hp.
MASSIVE DAMAGE!!
Drink which item? (? for menu, Esc to quit)
Okay, then.
You barely miss DizzySkin's ghost.
DizzySkin's ghost is severely damaged.
DizzySkin's ghost hits you.
* * * LOW HITPOINT WARNING * * *
You are electrocuted!
You die...

.........###
............#
#.######.##.#
.## #......#
..# #.#.####
#.# #.#.# #)#
#.#.#
..##.##.###.#.#
.....(W@....#.#
..#...#)#####.#
..... #.# #.#
.... #.. #.#
#.. ... #. ...#
# _...# .....


You could see DizzySkin's ghost.

Vanquished Creatures
  Prince Ribbit (D:5)
  2 black bears (D:6)
  2 ogres (D:6)
  An ice beast (D:5)
  Blork the orc (D:6)
  A giant frog (D:4)
  A scorpion (D:4)
  A water moccasin skeleton (D:4)
  A crimson imp (D:4)
  2 orc wizards
  A centaur skeleton (D:5)
  A hound zombie (D:5)
  A worker ant zombie (D:5)
  Robin (D:4)
  3 gnolls (D:4)
  3 adders
  3 oozes
  A worm (D:3)
  3 giant geckos
  8 orcs
  A ball python (D:4)
  7 bats
  3 giant cockroaches
  13 hobgoblins
  4 jackals
  2 kobolds
  4 quokkas
  A giant gecko skeleton (D:4)
  3 giant newts
  14 goblins
  7 rats
97 creatures vanquished.

Notes
Turn   | Place    | Note
--------------------------------------------------------------
     0 | D:1      | achirane the Formicid Fighter began the quest for the Orb.
     0 | D:1      | Reached XP level 1. HP: 18/18 MP: 1/1
   108 | D:1      | Reached XP level 2. HP: 24/24 MP: 2/2
   113 | D:1      | Reached skill level 4 in Shields
   719 | D:2      | Reached XP level 3. HP: 24/29 MP: 3/3
   941 | D:2      | Reached skill level 3 in Long Blades
  1382 | D:2      | Found a deep blue altar of Sif Muna.
  1525 | D:2      | Found a shattered altar of Ashenzari.
  1575 | D:2      | Reached XP level 4. HP: 35/35 MP: 4/4
  2349 | D:3      | Found an opulent altar of Gozag.
  2754 | D:4      | Noticed Robin
  3006 | D:4      | Noticed Grinder
  3145 | D:3      | Reached XP level 5. HP: 22/41 MP: 5/5
  3379 | D:4      | Reached skill level 4 in Long Blades
  3379 | D:4      | Reached skill level 5 in Shields
  3548 | D:4      | Killed Robin
  3551 | D:4      | Got a transparent hand axe {vamp}
  3887 | D:4      | Found a radiant altar of Vehumet.
  3911 | D:4      | Reached XP level 6. HP: 43/47 MP: 6/6
  4102 | D:4      | Noticed a phantom
  4210 | D:4      | Reached skill level 5 in Long Blades
  4210 | D:4      | Reached skill level 6 in Shields
  4903 | D:4      | Noticed a giant frog
  4910 | D:4      | Killed a giant frog
  4910 | D:4      | Reached XP level 7. HP: 52/52 MP: 7/7
  4955 | D:4      | Noticed a frost-covered statue
  4962 | D:5      | Entered Level 5 of the Dungeon
  5018 | D:5      | Found a white marble altar of Elyvilon.
  5182 | D:5      | Noticed Prince Ribbit
  5199 | D:6      | Found Zin's Purification Station.
  5199 | D:6      | Found a glowing silver altar of Zin.
  5397 | D:5      | Killed Prince Ribbit
  5397 | D:5      | Reached skill level 6 in Long Blades
  5397 | D:5      | Reached skill level 7 in Shields
  5859 | D:6      | Found a bloodstained altar of Trog.
  5875 | D:6      | Reached XP level 8. HP: 58/58 MP: 8/8
  5883 | D:6      | Reached skill level 8 in Shields
  5967 | D:5      | Reached skill level 7 in Long Blades
  6140 | D:6      | Found a shimmering altar of Xom.
  6141 | D:6      | Noticed Blork the orc
  6148 | D:6      | Noticed DizzySkin's ghost (experienced DsAK)
  6148 | D:6      | Killed Blork the orc
  6161 | D:6      | HP: 13/58 [DizzySkin's ghost (3)]
  6162 | D:6      | Slain by DizzySkin's ghost

Vault maps used:
D:1:      minmay_arrival_solitary_statue
D:2:      lemuel_round_altar, lemuel_blue_sif_altar
D:3:      grunt_gozag_statues, serial_bayou_crossing
D:4:      vehumet_statue, first_bread, uniq_grinder, uniq_robin
D:5:      elyvilon_altar_5, uniq_prince_ribbit1
D:6:      trog_ov_bears_minmay, zin_purify, cheibriados_altar_1, basic_altar,
          uniq_blork_the_orc, uniq_duvessa

Action                   |  1- 3 |  4- 6 |  7- 9 || total
-------------------------+-------+-------+-------++-------
Melee: Long sword        |    77 |   180 |    69 ||   326
       Dagger            |       |    46 |       ||    46
 Fire: Hunting sling     |     3 |    70 |    31 ||   104
Throw: Stone             |     9 |    23 |     2 ||    34
Evoke: Wand              |       |       |     3 ||     3
  Use: Scroll            |       |     2 |       ||     2
       Potion            |       |       |     1 ||     1
  Eat: Chunk             |     2 |    11 |     4 ||    17

Vault maps used:
D:1:      minmay_arrival_solitary_statue
D:2:      lemuel_round_altar, lemuel_blue_sif_altar
D:3:      grunt_gozag_statues, serial_bayou_crossing
D:4:      vehumet_statue, first_bread, uniq_grinder, uniq_robin
D:5:      elyvilon_altar_5, uniq_prince_ribbit1
D:6:      trog_ov_bears_minmay, zin_purify, cheibriados_altar_1, basic_altar,
          uniq_blork_the_orc, uniq_duvessa

Table legend:
 A = Turns spent in this place as a percentage of turns spent in the entire game.
 B = Non-inter-level travel turns spent in this place as a percentage of non-inter-level travel turns spent in the entire game.
 C = Inter-level travel turns spent in this place as a percentage of turns spent in this place.
 D = Turns resting spent in this place as a percentage of non-inter-level travel turns spent in this place.
 E = Turns spent auto-exploring this place as a percentage of non-inter-level travel turns spent in this place.
 F = Non-inter-level travel turns spent in this place divided by the number of levels of this place that you've seen.
                   A       B       C       D       E      F
               +-------+-------+-------+-------+-------+----------------------
         Total | 100.0 | 100.0 |   0.8 |   2.0 |   7.4 | 291.0
       Dungeon | 100.0 | 100.0 |   0.8 |   2.0 |   7.4 | 291.0
               +-------+-------+-------+-------+-------+----------------------

Table legend:
 A = Kills in this place as a percentage of kills in entire the game.
 B = Kills by you in this place as a percentage of kills by you in the entire game.
 C = Kills by friends in this place as a percentage of kills by friends in the entire game.
 D = Other kills in this place as a percentage of other kills in the entire game.
 E = Experience gained in this place as a percentage of experience gained in the entire game.
 F = Experience gained in this place divided by the number of levels of this place that you have seen.
                   A       B       C       D       E      F
               +-------+-------+-------+-------+-------+----------------------
         Total | 100.0 | 100.0 |  -nan |  -nan | 100.0 | 281.3
       Dungeon | 100.0 | 100.0 |  -nan |  -nan | 100.0 | 281.3
               +-------+-------+-------+-------+-------+----------------------
